 Dungeon Crawl Stone Soup version 0.29.1-1-gd02db6906a (webtiles) character file.

Game seed: 2066224615560432849

17004 RogueRain17 the Missionary (level 12, 65/110 HPs)
             Began as a Hill Orc Fighter on Oct 2, 2022.
             Was a Priest of Beogh.
             Quit the game on level 2 of the Lair of Beasts.
             The game lasted 00:27:10 (14302 turns).

RogueRain17 the Missionary (Hill Orc Fighter)      Turns: 14302, Time: 00:27:10

Health: 65/110     AC: 14    Str: 27    XL:     12   Next: 43%
Magic:  22/22      EV:  9    Int:  8    God:    Beogh [***...]
Gold:   624        SH:  5    Dex: 10    Spells: 11/11 levels left

rFire   x . .      SeeInvis .   t - +1 spear (flame)
rCold   + . .      Faith    .   c - +0 buckler
rNeg    . . .      Spirit   .   b - +0 scale mail
rPois   .          Reflect  .   H - +0 helmet
rElec   .          Harm     .   m - +0 cloak
rCorr   .          Rampage  .   W - +0 pair of gloves
Will    .....                   n - +0 pair of boots
Stlth   ..........              (no amulet)
HPRegen 0.28/turn               k - ring of Omaul {Ice Str+3 Slay+4}
MPRegen 0.18/turn               (no ring)

@: very slow
A: no striking features
a: Renounce Religion, Smiting


You were on level 2 of the Lair of Beasts.
You worshipped Beogh.
Beogh was most pleased with you.
You visited 2 branches of the dungeon, and saw 12 of its levels.
You also visited: Ossuary.

You collected 624 gold pieces.

Inventory:

Hand Weapons
 a - a +0 trident
 t - a +1 spear of flaming (weapon)
Missiles
 e - 3 throwing nets (quivered)
 z - 6 silver boomerangs
Armour
 b - a +0 scale mail (worn)
 c - a +0 buckler (worn)
 m - a +0 cloak (worn)
 n - a +0 pair of boots (worn)
 H - a +0 helmet (worn)
 W - a +0 pair of gloves (worn)
Jewellery
 k - the ring of Omaul (left hand) {Ice Str+3 Slay+4}
   (You found it on level 2 of the Dungeon)

   [ring of ice]

   It enhances your ice magic.
   Str:       It affects your strength (+3).
   Slay:      It affects your accuracy & damage with ranged weapons and melee
   (+4).
   rF:        It makes you vulnerable to fire.
   rC:        It protects you from cold.
 p - a +6 ring of intelligence
 K - a ring of wizardry
Wands
 d - a wand of roots (12)
 l - a wand of polymorph (9)
 u - a wand of mindburst (31)
 G - a wand of flame (14)
Scrolls
 q - a scroll of silence
 s - a scroll of enchant armour
 v - 2 scrolls of noise
 w - 2 scrolls of brand weapon
 x - a scroll of blinking
 y - 3 scrolls of immolation
 B - 7 scrolls of identify
 C - 5 scrolls of amnesia {unknown}
 D - 4 scrolls of teleportation {unknown}
 I - 3 scrolls of vulnerability {unknown}
 J - a scroll of magic mapping {unknown}
 L - a scroll of fog {unknown}
 N - 2 scrolls of torment {unknown}
 O - 3 scrolls of fear {unknown}
 R - a scroll of poison {unknown}
 S - 3 scrolls of summoning {unknown}
 T - a scroll of acquirement {unknown}
 V - a scroll of enchant weapon {unknown}
Potions
 f - 3 potions of lignification {unknown}
 g - 4 potions of heal wounds {unknown}
 h - 2 potions of mutation {unknown}
 i - 5 potions of curing {unknown}
 j - 2 potions of attraction {unknown}
 o - 2 potions of invisibility {unknown}
 r - 2 potions of degeneration {unknown}
 A - 2 potions of berserk rage {unknown}
 E - 2 potions of haste {unknown}
 F - 2 potions of ambrosia {unknown}
 M - 2 potions of brilliance {unknown}
 P - 2 potions of might
 Q - 2 potions of cancellation {unknown}
 U - 2 potions of flight {unknown}


   Skills:
 - Level 11.2 Fighting
 - Level 12.0 Polearms
 + Level 9.9 Armour
 - Level 7.0 Shields
 + Level 13.3 Invocations


You had 11 spell levels left.
You didn't know any spells.
Your spell library contained the following spells:

 Spells                   Type           Power      Damage    Failure   Level
 Sandblast                Erth           0%         2d4       71%         1
 Slow                     Hex            0%         N/A       71%         1
 Blink                    Tloc           0%         N/A       85%         2
 Passwall                 Tmut/Erth      0%         N/A       85%         2
 Confusing Touch          Hex            0%         N/A       97%         3
 Ignite Poison            Fire/Tmut/Pois 0%         N/A       97%         3
 Mephitic Cloud           Conj/Pois/Air  0%         N/A       97%         3
 Portal Projectile        Hex/Tloc       0%         N/A       97%         3
 Stone Arrow              Conj/Erth      0%         3d7       97%         3
 Vampiric Draining        Necr           0%         2d6       97%         3
 Freezing Cloud           Conj/Ice/Air   0%         6-21      100%        5
 Manifold Assault         Tloc           0%         N/A       100%        5
 Metabolic Englaciation   Hex/Ice        0%         N/A       100%        5
 Dragon Form              Tmut           0%         N/A       100%        7
 Storm Form               Tmut/Air       0%         N/A       100%        7


Dungeon Overview and Level Annotations

Branches:
Dungeon (10/15)            Temple (0/1) D:7            Lair (2/5) D:10
Ossuary (visited)
  Swamp: Lair:2-3    Shoals: Lair:2-3     Snake: Lair:2-3    Spider: Lair:2-3
    Orc: D:9-12

Altars:
Gozag
Nemelex Xobeh
Sif Muna
Wu Jian

Shops:
D:6 (

Annotations:
D:7 2 runed translucent doors, turdburglar's ghost, novice TrTm
D:8 1 transporter


Message History

You feel sick.
You feel sick.
You feel sick.
You feel sick.
You feel sick.
You are no longer poisoned.
Found a leather armour.
You now have 601 gold pieces (gained 20).
You now have 624 gold pieces (gained 23).
i - 5 viscous blue potions (gained 1)
You see here a +3 leather armour.
Found a stone staircase leading down.
A swamp worm comes into view.
The swamp worm fires a harpoon shot at you.
The harpoon shot hits you!
You are yanked forward by the harpoon shot.
Splash!
You fall into the shallow water.
Moving in this stuff is going to be slow.
A komodo dragon comes into view.
You puncture the swamp worm! You burn the swamp worm.
The swamp worm is moderately wounded.
Your unstable footing causes you to fumble your attack.
The swamp worm bites you.
You closely miss the swamp worm.
The swamp worm is moderately wounded.
Your unstable footing causes you to fumble your attack.
The swamp worm bites you! The komodo dragon bites you!!
You hit the swamp worm but do no damage.
The swamp worm is moderately wounded.
The swamp worm bites you but does no damage.
You block the komodo dragon's attack.
You miss the swamp worm.
The swamp worm is moderately wounded.
The swamp worm misses you.
Saving game... please wait.
Welcome back, RogueRain17 the Hill Orc Fighter.
Beogh says: Drown the unbelievers in a sea of blood!
Press ? for a list of commands and other information.
Are you sure you want to abandon this character and quit the game? (Confirm with "yes".)

'#.##...###....###..#
.####...#####P###..P#
'.##.....♣ #♣# ♣#.##
......♣♣♣♣ ♣♣♣♣♣#
....♣♣♣ ♣♣≈≈≈♣ ...♣♣
♣≈~≈≈♣ ...♣ ♣≈~≈~♣
#.♣♣ ♣§♣~w~~♣ #♣♣
♣..~~@~♣ ♣...≈l~♣##
## ♣♣..~~...# .#
♣♣.♣≈...# ..
♣♣♣♣♣.♣.# .P ♣♣♣♣♣♣
♣.♣# ♣♣.# .#
♣..♣.♣♣♣♣..##♣..## .#
#..............#.# .#
#..............###


You could see a komodo dragon and a swamp worm.

Vanquished Creatures
  A two-headed ogre (D:10)
  2 tengu warriors (D:10)
  3 black mambas
  4 cane toads (Lair:2)
  An unseen horror zombie (D:8)
  A rime drake (Lair:1)
  3 komodo dragons
  A troll (D:10)
  A hornet (D:9)
  Grinder (D:3)
  A slime creature (D:9)
  Sigmund (D:2)
  A shadow (D:10)
  20 yaks
  A vampire (D:10)
  Grum (D:8)
  A basilisk (Lair:1)
  4 wyverns
  A steam dragon (D:10)
  A vampire mosquito (D:10)
  8 water moccasins
  9 wolves
  2 ice beasts (D:5)
  2 phantoms
  2 centaurs
  7 bullfrogs
  7 kobold brigands
  7 necrophages
  4 scorpions
  A wyvern zombie (D:8)
  A gnoll sergeant (D:10)
  5 wights
  Dowan (D:4)
  A howler monkey (D:4)
  A centaur zombie (D:8)
  3 hounds
  A gnoll bouda (D:7)
  3 orc priests
  3 jellies
  2 iguanas
  Crazy Yiuf (D:2)
  4 orc wizards
  2 killer bee zombies (D:8)
  9 mummies
  A howler monkey zombie (D:8)
  8 adders
  17 gnolls
  3 shadow imps
  A white imp (D:6)
  2 ufetubi (D:5)
  3 worms
  3 dart slugs (D:3)
  34 orcs
  5 bats
  4 endoplasms
  A giant cockroach (D:2)
  A gnoll zombie (Ossuary)
  7 goblins
  7 hobgoblins
  3 jackals (D:4)
  41 kobolds
  9 ball pythons
  2 frilled lizards (D:3)
  A goblin zombie (D:8)
  3 hobgoblin zombies (Ossuary)
  2 kobold zombies (Ossuary)
  3 orc zombies
  3 rats
  A spectral kobold (D:2)
301 creatures vanquished.

Vanquished Creatures (collateral kills)
  Pikel (D:9)
  2 slime creatures (D:9)
  A shadow (D:10)
  A wyvern (D:9)
  6 yaks
  A wraith (D:9)
  A vampire mosquito (D:10)
  A lemure (D:9)
  2 bullfrogs
  A gnoll sergeant (D:10)
  A scorpion (D:10)
  3 wights (D:9)
  6 gnolls (D:10)
27 creatures vanquished.

Vanquished Creatures (others)
  2 orc knights (D:10)
  An orc priest (D:5)
  2 orcs
  54 fungi
  78 plants
137 creatures vanquished.

Grand Total: 465 creatures vanquished

Notes
Turn   | Place    | Note
-------+----------+-------------------------------------------
     0 | D:1      | RogueRain17 the Hill Orc Fighter began the quest for the
                  | Orb.
     0 | D:1      | Reached XP level 1. HP: 19/19 MP: 1/1
   663 | D:2      | Noticed an iguana
   668 | D:1      | Reached XP level 2. HP: 26/26 MP: 2/2
   790 | D:2      | Reached XP level 3. HP: 25/31 MP: 3/3
   910 | D:2      | Found a faded altar of an unknown god.
   947 | D:2      | Noticed Sigmund
   953 | D:2      | Killed Sigmund
   954 | D:2      | Reached XP level 4. HP: 22/39 MP: 4/4
   954 | D:2      | Reached XP level 5. HP: 25/45 MP: 5/5
  1380 | D:2      | Reached XP level 6. HP: 49/51 MP: 6/6
  1381 | D:2      | Reached skill level 5 in Polearms
  1735 | D:2      | Identified the ring of Omaul {Ice Str+3 Slay+4}
  1952 | D:2      | Found a runed translucent door.
  1953 | D:2      | Noticed Crazy Yiuf
  2030 | D:2      | Killed Crazy Yiuf
  2544 | D:3      | Found an opulent altar of Gozag.
  2550 | D:3      | Noticed Grinder
  2562 | D:3      | Killed Grinder
  2563 | D:3      | Reached skill level 5 in Armour
  2563 | D:3      | Reached skill level 5 in Shields
  2563 | D:3      | Reached XP level 7. HP: 57/57 MP: 7/7
  2741 | D:3      | Got the Codex of Fey Metamorphosis
  3347 | D:4      | Noticed Duvessa
  3348 | D:4      | Noticed Dowan
  3484 | D:4      | Killed Dowan
  3494 | D:4      | Noticed Duvessa
  3494 | D:4      | Duvessa changed into Duvessa the centaur
  3501 | D:4      | Killed Duvessa the centaur
  3502 | D:4      | Reached XP level 8. HP: 33/64 MP: 8/8
  3834 | D:5      | Entered Level 5 of the Dungeon
  4156 | D:5      | Became a worshipper of Beogh the Brigand
  4425 | D:6      | Found Xesuph's Weapon Shoppe.
  4441 | D:6      | Reached XP level 9. HP: 61/70 MP: 9/9
  4958 | D:6      | Reached * piety under Beogh
  5308 | D:6      | Reached skill level 10 in Polearms
  5602 | D:7      | Noticed turdburglar's ghost (novice TrTm)
  5602 | D:7      | Found a large runed translucent door.
  5602 | D:7      | Found a large runed translucent door.
  5607 | D:7      | Reached skill level 5 in Fighting
  5866 | D:7      | Reached ** piety under Beogh
  5922 | D:7      | Identified the +1 leather armour of the Dungeon {Will+
                  | Dex-2 Slay+4}
  6471 | D:7      | Found a staircase to the Ecumenical Temple.
  6693 | D:8      | Reached skill level 1 in Invocations
  6697 | D:8      | Found a sparkling altar of Nemelex Xobeh.
  6821 | D:8      | Noticed Grum
  6838 | D:8      | Reached skill level 2 in Invocations
  6853 | D:8      | Killed Grum
  7013 | D:8      | Found a shimmering blue altar of Sif Muna.
  7023 | D:8      | Reached skill level 3 in Invocations
  7023 | D:8      | Reached XP level 10. HP: 40/83 MP: 12/12
  7131 | D:8      | Found a sand-covered staircase.
  7141 | Ossuary  | Entered an ossuary
  7177 | Ossuary  | Reached *** piety under Beogh
  7602 | D:8      | Reached skill level 4 in Invocations
  7924 | D:8      | Found a transporter.
  8301 | D:9      | Paralysed by a hornet for 1 turns
  8652 | D:9      | Reached skill level 5 in Invocations
  8883 | D:9      | Noticed Pikel
  8894 | D:9      | Reached skill level 6 in Invocations
  8900 | D:9      | Killed Pikel
  8913 | D:9      | Reached skill level 7 in Invocations
  9600 | D:10     | Entered Level 10 of the Dungeon
  9654 | D:10     | Reached **** piety under Beogh
  9997 | D:10     | Reached XP level 11. HP: 97/97 MP: 16/16
 10003 | D:10     | Reached skill level 8 in Invocations
 10074 | D:10     | Noticed a two-headed ogre
 10083 | D:10     | Noticed a tengu warrior
 10086 | D:10     | Killed a two-headed ogre
 10091 | D:10     | Killed a tengu warrior
 10092 | D:10     | Reached skill level 10 in Fighting
 10092 | D:10     | Reached skill level 9 in Invocations
 10143 | D:10     | Noticed a tengu warrior
 10441 | D:10     | Killed a tengu warrior
 10442 | D:10     | Reached skill level 10 in Invocations
 10799 | D:10     | Found a staircase to the Lair.
 10872 | D:10     | Found an ornate altar of the Wu Jian Council.
 11474 | Lair:1   | Entered Level 1 of the Lair of Beasts
 11520 | Lair:1   | Reached skill level 11 in Invocations
 12392 | Lair:1   | Reached XP level 12. HP: 94/110 MP: 20/20
 12575 | Lair:1   | Reached skill level 12 in Invocations
 13774 | Lair:2   | Reached skill level 13 in Invocations
 14302 | Lair:2   | Quit the game

Illustrated notes

Levels and vault maps discovered:
D:1:      ebering_hopf_link, layout_loops_ring, grunt_decor_one_mirror
D:2:      layout_loops_ring, dreamdust_ecumenical_altar_drowned_temple,
          uniq_sigmund, uniq_crazy_yiuf_cottage
D:3:      layout_basic, mainiacjoe_overflow_cross_hatched, dk_noncrumbling_3,
          st_stairs_11, minmay_quadrilaterals, uniq_grinder
D:4:      layout_cave_pools, st_stairs_4, uniq_duvessa
D:5:      layout_rooms
D:6:      layout_basic, serial_shops,
          nicolae_shop_temple_entry_statues_fountains, minmay_stone_trees_small
D:7:      kennysheep_kobold_camp, layout_basic, minmay_temple_entry_poolview,
          ebering_ghost_disaster_area
D:8:      layout_gridville, nicolae_overflow_crystal_walls,
          mainiacjoe_overflow_brackets, nicolae_ossuary_entry_giza,
          serial_undead, serial_undead_e, serial_undead_f, serial_undead_a,
          serial_undead_f, nicolae_diode_basic, uniq_grum
D:9:      layout_irregular_city, hangedman_decor_riveting, uniq_pikel
D:10:     layout_loops_cross, nzn_wu_jian_contemplation,
          due_lair_maze_entry_diamond, hangedman_decor_diamond_cutter,
          minmay_unpleasant_kobolds
Lair:1:   layout_hall_layers, nicolae_lair_lil_pond
Lair:2:   layout_regular_city, palyth_hydra_swamp_entry

Skill      XL: |  1  2  3  4  5  6  7  8  9 10 11 12 |
---------------+-------------------------------------+-----
Polearms       | 3 4 6 7 8 11 12 | 12.0
Armour         | 4 5 6 7 8 9 |  9.9
Shields        | 4 5 6 7 |  7.0
Fighting       | 6 9 11 | 11.2
Invocations    | 3 7 11 13 | 13.3

Action                   |  1- 3 |  4- 6 |  7- 9 | 10-12 || total
-------------------------+-------+-------+-------+-------++-------
Melee: Trident           |    64 |   111 |    31 |       ||   206
       Spear             |       |       |   416 |   593 ||  1009
Throw: Throwing net      |     1 |     2 |       |       ||     3
Invok: Convert to Beogh  |       |       |     1 |       ||     1
       Smiting           |       |       |       |    12 ||    12
Evoke: Wand              |       |     1 |     8 |       ||     9
  Use: Potion            |     1 |       |       |       ||     1
       Scroll            |       |       |       |     7 ||     7
 Stab: Held in net/web   |     2 |     1 |       |       ||     3
Armor: Scale mail        |    24 |    23 |   118 |   143 ||   308
Dodge: Dodged            |    16 |    23 |   111 |   155 ||   305
Block: Buckler           |    10 |    14 |    67 |    77 ||   168
